AoeStats
← 根本赢不了

Arena

510251171Analyzed
1v1 RM · 1d ago on Sep 30, 2026· 41m 16s· 2 players
Game mode
Random Map
Map size
Tiny (2 player)
Population
200
Speed
Normal
Resources
Standard
Victory
Conquest
Starting age
Dark Age
Ending age
Imperial Age
RankedLock teamsTeams togetherTeam positionsShared explorationLock speedFull tech treeHidden civsTurbo modeCheats
Victory
Defeat
🇨🇳 Spanish · China
1195
+16
🇨🇳 Danes · China
1194
-27
根本赢不了
9:51 Feudal Age
13:34 Castle Age
11:22 Double-Bit Axe
12:50 Loom
12:49 Horse Collar
22:53 Wheelbarrow
22:03 Town Watch
24:06 Fletching
29:18 Forging
30:56 Scale Mail Armor
34:39 Imperial Age
33:02 Bodkin Arrow
35:14 Padded Archer Armor
35:58 Chain Mail Armor
36:21 Leather Archer Armor
35:32 Elite Skirmisher
36:42 Bow Saw
41:23 Imperial Age
LIFANFAN
10:05 Feudal Age
14:11 Castle Age
19:25 Double-Bit Axe
25:46 Horse Collar
29:12 Imperial Age
28:03 Husbandry
30:23 Bow Saw
34:12 Cavalier
35:55 Heavy Plow
36:39 Paladin
38:56 Scale Barding Armor
39:03 Forging
40:10 Chain Barding Armor
40:26 Guilds
40:46 Conscription
41:17 Iron Casting
41:05 Gold Mining
Connection lost

Rejoining the realm…

Still unreachable

The connection could not be restored.

Session expired

The server has moved on; the page needs a fresh start.